 Dungeon Crawl Stone Soup version 0.29-a0-542-g075992c915 (console) character file.

Game seed: 1811008839434552640

6447 zei the Cleaver (level 10, 0/61 HPs)
             Began as a Tengu Artificer on June 5, 2022.
             Was a High Priest of Okawaru.
             Slain by a boulder beetle (56 damage)
             ... on level 8 of the Dungeon.
             The game lasted 00:21:18 (11423 turns).

zei the Cleaver (Tengu Artificer)                  Turns: 11423, Time: 00:21:19

Health: 0/61       AC: 12    Str: 19    XL:     10   Next: 99%
Magic:  15/15      EV: 31    Int: 11    God:    Okawaru [*****.]
Gold:   404        SH:  0    Dex: 19    Spells: 9/9 levels left

rFire   . . .      SeeInvis .   D - +1 war axe (flame)
rCold   . . .      Faith    .   (no shield)
rNeg    + . .      Spirit   .   E - +2 swamp dragon scales
rPois   +          Reflect  .   g - +2 hat
rElec   .          Harm     .   k - +0 cloak
rCorr   .          Rampage  .   (no gloves)
Will    .....                   (boots unavailable)
Stlth   +.........              w - amulet of the acrobat
HPRegen 0.20/turn               a - +6 ring of strength
MPRegen 0.14/turn               o - ring of positive energy

@: acrobatic, flying quickly and evasively, quick
A: beak, talons 3, nimble flight
a: Renounce Religion, Heroism, Finesse, Duel


You were on level 8 of the Dungeon.
You worshipped Okawaru.
Okawaru was extremely pleased with you.
You visited 1 branch of the dungeon, and saw 8 of its levels.
You also visited: Ossuary.

You collected 404 gold pieces.

Inventory:

Hand Weapons
 D - a +1 war axe of flaming (weapon)
Missiles
 l - 13 poisoned darts (quivered)
 x - 6 atropa-tipped darts
Armour
 g - a +2 hat (worn)
 k - a +0 cloak (worn)
 E - +2 swamp dragon scales (worn)
Jewellery
 a - a +6 ring of strength (left hand)
 o - a ring of positive energy (right hand)
 w - an amulet of the acrobat (around neck)
Wands
 c - a wand of flame (5)
 d - a wand of polymorph (5)
 e - a wand of iceblast (14)
Scrolls
 b - a scroll of identify
 f - a scroll of fear {unknown}
 h - 5 scrolls of teleportation
 p - a scroll of blinking {unknown}
 r - 2 scrolls of poison {unknown}
 t - 3 scrolls of fog
 u - a scroll of amnesia
 B - 2 scrolls of immolation
Potions
 i - 3 potions of attraction
 m - a potion of heal wounds
 n - 2 potions of berserk rage
 q - 7 potions of curing
 s - 2 potions of cancellation
 v - 2 potions of lignification
 z - 3 potions of degeneration {unknown}
 A - a potion of brilliance {unknown}
 C - a potion of mutation


   Skills:
 + Level 6.4 Fighting
 * Level 12.2 Axes
 - Level 6.0 Throwing
 - Level 2.1 Armour
 + Level 4.7 Dodging
 - Level 1.0 Stealth
 + Level 5.6 Invocations
 - Level 3.0 Evocations


You had 9 spell levels left.
You didn't know any spells.
Your spell library was empty.

Dungeon Overview and Level Annotations

Branches:
Dungeon (8/15)             Temple (0/1) D:7            Lair (0/6) D:8
Ossuary (visited)

Altars:
Elyvilon
Okawaru
Yredelemnul
Zin

Annotations:
D:7 5 runed translucent doors


Innate Abilities, Weirdness & Mutations

You have a beak for a mouth.
You have claws for feet.
Your magical nature lets you fly swiftly and evasively.


Message History

Throw: 12 darts (poison)
Press: ? - help, Q - select action, (/) - cycle Shift-Dir - straight line, f/p - manticore
Aim: a manticore (heavily wounded, very poisoned, 76% to hit)
You throw a poisoned dart. The poisoned dart hits the manticore!
The manticore looks as sick as possible!
The manticore is heavily wounded.
The manticore bites you but does no damage.
The manticore closely misses you. The manticore claws you!
You slash the manticore! You burn the manticore! You claw the manticore.
You kill the manticore!
Okawaru is honoured by your kill.
You can now enter into single combat with a foe.
Okawaru will now gift you equipment as you gain piety.
l - 12 poisoned darts (gained 1)
Things that are here:
a +0 giant club; a +0 giant club
l - 13 poisoned darts (gained 1)
Things that are here:
a +0 dagger; a +2 robe of willpower; an orc corpse
l - 14 poisoned darts (gained 1)
l - 15 poisoned darts (gained 1)
A boulder beetle is nearby!
A boulder beetle is nearby!
Throw: 15 darts (poison)
Press: ? - help, Q - select action, (/) - cycle Shift-Dir - straight line, f - boulder beetle
Aim: a boulder beetle (91% to hit)
You throw a poisoned dart.
The poisoned dart hits the boulder beetle!
The boulder beetle is poisoned.
Throw: 14 darts (poison)
Press: ? - help, Q - select action, (/) - cycle Shift-Dir - straight line, f/p - boulder beetle
Aim: a boulder beetle (lightly wounded, very poisoned, 91% to hit)
You throw a poisoned dart.
The poisoned dart hits the boulder beetle!
The boulder beetle looks as sick as possible!
The boulder beetle is lightly wounded.
The boulder beetle curls into a ball and begins rolling!
The boulder beetle hits you!!!
Ouch! That really hurt!
You die...

....°....###.........##.#
.....°...##.......(...#.#
.......)...........P....#
................>.......#
.........#°°.P.........##
...(.....##.°.........##
.........###.°.......##
........## ###○B...###
.......## ###@..#
#....### ##.## ##.###
#))# ### ##.## #..# #
##.## ### ##..# ..####
####...#
#....#####......#*


You could see a boulder beetle (rolling, very poisoned).

Vanquished Creatures
  2 two-headed ogres
  A deep elf pyromancer (D:8)
  Pikel (D:8)
  A manticore (D:8)
  Maggie (D:8)
  A troll (D:8)
  2 wyverns (D:7)
  Grum (D:8)
  3 wargs (D:8)
  An acid dragon (D:8)
  A water moccasin (D:7)
  2 black bears (D:4)
  An ice beast (D:6)
  An ogre (D:6)
  3 wolves (D:8)
  A centaur (D:8)
  2 lemures (D:8)
  2 kobold brigands
  3 bullfrogs
  A gnoll sergeant (D:7)
  4 scorpions
  3 howler monkeys
  A gnoll shaman (D:3)
  8 hounds
  4 jellies
  4 orc priests
  4 iguanas
  7 orc wizards
  A mummy (Ossuary)
  10 gnolls
  10 adders
  A shadow imp (D:5)
  2 white imps (D:6)
  An ufetubus (D:5)
  A worm (D:2)
  A dart slug (D:1)
  18 orcs
  2 spectral bats (Ossuary)
  11 ball pythons
  6 bats
  4 endoplasms
  5 giant cockroaches
  12 gnoll zombies (Ossuary)
  4 goblins
  10 hobgoblins
  13 jackals
  11 kobolds
  2 quokkas (D:3)
  2 bat simulacra (Ossuary)
  4 frilled lizards
  4 goblin simulacra (Ossuary)
  3 goblin zombies (Ossuary)
  5 hobgoblin zombies (Ossuary)
  3 kobold simulacra (Ossuary)
  6 kobold zombies (Ossuary)
  4 orc zombies (Ossuary)
  4 rats
  5 rat simulacra (Ossuary)
  3 spectral goblins (Ossuary)
  4 spectral kobolds (Ossuary)
  A spectral rat (Ossuary)
239 creatures vanquished.

Vanquished Creatures (collateral kills)
  An orc (D:4)
1 creature vanquished.

Vanquished Creatures (others)
  A water moccasin (D:4)
  A hound (D:4)
  8 plants (D:7)
10 creatures vanquished.

Grand Total: 250 creatures vanquished

Notes
Turn   | Place    | Note
-------+----------+-------------------------------------------
     0 | D:1      | zei the Tengu Artificer began the quest for the Orb.
     0 | D:1      | Reached XP level 1. HP: 12/12 MP: 2/2
   131 | D:1      | Found a faded altar of an unknown god.
   372 | D:1      | Reached XP level 2. HP: 17/17 MP: 3/3
  1024 | D:1      | Reached XP level 3. HP: 16/22 MP: 4/4
  2397 | D:2      | Reached XP level 4. HP: 29/29 MP: 5/5
  2935 | D:2      | Reached skill level 1 in Axes
  3460 | D:3      | Reached skill level 2 in Axes
  3523 | D:3      | Gained mutation: Your magical nature lets you fly swiftly
                  | and evasively. [Tengu growth]
  3523 | D:3      | Reached XP level 5. HP: 29/33 MP: 6/6
  3532 | D:3      | Reached skill level 1 in Throwing
  3913 | D:3      | Reached skill level 3 in Axes
  4276 | D:4      | Reached skill level 4 in Axes
  4276 | D:4      | Reached XP level 6. HP: 34/38 MP: 7/7
  4321 | D:4      | Noticed a water moccasin
  4322 | D:4      | Noticed a black bear
  4361 | D:4      | HP: 1/38 [poisoned by a water moccasin]
  5030 | D:4      | Reached skill level 5 in Axes
  5412 | D:4      | Reached XP level 7. HP: 39/43 MP: 8/8
  5904 | D:5      | Entered Level 5 of the Dungeon
  6132 | D:5      | Found a glowing silver altar of Zin.
  6135 | D:5      | Found an iron altar of Okawaru.
  6244 | D:5      | Became a worshipper of Warmaster Okawaru
  6358 | D:5      | Reached skill level 6 in Axes
  7062 | D:6      | Reached XP level 8. HP: 30/48 MP: 9/9
  7345 | D:5      | Reached skill level 7 in Axes
  7557 | D:6      | Found a basalt altar of Yredelemnul.
  7651 | D:6      | Reached * piety under Okawaru
  7660 | D:6      | Reached skill level 1 in Invocations
  7990 | D:6      | Reached skill level 8 in Axes
  8105 | D:6      | Reached skill level 5 in Throwing
  8270 | D:7      | Found a staircase to the Ecumenical Temple.
  8615 | D:7      | Noticed a wyvern
  8620 | D:7      | Killed a wyvern
  8620 | D:7      | Reached ** piety under Okawaru
  8621 | D:7      | Reached skill level 9 in Axes
  8621 | D:7      | Reached XP level 9. HP: 30/52 MP: 10/12
  8627 | D:7      | Noticed a two-headed ogre
  8932 | D:7      | Found the +9 staff of Olgreb {rPois∞}
  8950 | D:7      | Found a runed translucent door.
  8959 | D:7      | Found a runed translucent gate.
  8959 | D:7      | Found a runed translucent gate.
  8960 | D:7      | Found a runed translucent door.
  8970 | D:7      | Found a runed translucent gate.
  9138 | D:7      | Found a white marble altar of Elyvilon.
  9175 | D:7      | Killed a two-headed ogre
  9175 | D:7      | Reached *** piety under Okawaru
  9176 | D:7      | Reached skill level 10 in Axes
  9374 | D:8      | Noticed Grum
  9457 | D:8      | Noticed a two-headed ogre
  9458 | D:8      | Noticed a five-headed hydra
  9458 | D:8      | Identified the amulet of Duenoumi {RegenMP MP-9 Str+5}
  9458 | D:8      | Noticed a deep elf pyromancer
  9526 | D:8      | Noticed a troll
  9540 | D:8      | HP: 1/53 [troll (10)]
  9549 | D:8      | Killed a troll
  9581 | D:8      | Found a sand-covered staircase.
  9724 | Ossuary  | Entered an ossuary
  9978 | Ossuary  | Reached skill level 5 in Fighting
 10445 | D:8      | Killed Grum
 10446 | D:8      | Reached XP level 10. HP: 59/59 MP: 14/14
 10472 | D:8      | Reached skill level 11 in Axes
 10504 | D:8      | Received a gift from Okawaru
 10706 | D:8      | Noticed a boulder beetle
 10776 | D:8      | Found a staircase to the Lair.
 10797 | D:8      | Noticed a manticore
 10852 | D:8      | Noticed Pikel
 10968 | D:8      | Killed Pikel
 10968 | D:8      | Reached **** piety under Okawaru
 10969 | D:8      | Reached skill level 5 in Invocations
 11083 | D:8      | Killed a deep elf pyromancer
 11083 | D:8      | Received a gift from Okawaru
 11220 | D:8      | Noticed Maggie
 11236 | D:8      | Killed Maggie
 11304 | D:8      | Killed a two-headed ogre
 11305 | D:8      | Reached skill level 12 in Axes
 11347 | D:8      | Received a gift from Okawaru
 11391 | D:8      | Killed a manticore
 11391 | D:8      | Reached ***** piety under Okawaru
 11423 | D:8      | Slain by a boulder beetle

Illustrated notes

Levels and vault maps discovered:
D:1:      minmay_arrival_pointy, layout_basic, ebering_ecumenical_altar_rust
D:2:      layout_basic
D:3:      layout_loops_cross
D:4:      layout_rooms
D:5:      layout_basic, nicolae_overflow_squiral
D:6:      layout_basic, kennysheep_mini_moat, st_stairs_6,
          kennysheep_pointless_box
D:7:      layout_loops_ring, elyvilon_altar_3,
          minmay_temple_entry_gardened_gates,
          minmay_guarded_unrand_staff_of_olgreb
D:8:      layout_cave_pods, erik_lair_orcish_takeover, enter_ossuary_2,
          chequers_serial_rivers_marsh, minmay_the_grid_2x2
          [minmay_the_grid_odd_star, minmay_the_grid_spin_star,
          minmay_the_grid_box_x, minmay_the_grid_prize_four_corners_diamond_a],
          uniq_grum, uniq_pikel, uniq_maggie

Skill      XL: |  1  2  3  4  5  6  7  8  9 10 |
---------------+-------------------------------+-----
Fighting       | 2 3 4 5 6 |  6.4
Axes           | 2 4 5 6 9 10 12 | 12.2
Throwing       | 2 4 5 6 |  6.0
Invocations    | 2 4 5 |  5.6
Dodging        | 2 4 |  4.7
Armour         | |  2.1
Stealth        | |  1.0
Evocations     | |  3.0

Action                   |  1- 3 |  4- 6 |  7- 9 | 10-12 || total
-------------------------+-------+-------+-------+-------++-------
Melee: Club              |    10 |       |       |       ||    10
       Kick              |    28 |    41 |    91 |    37 ||   197
       Dagger            |   110 |     6 |       |       ||   116
       Peck              |     9 |    19 |    63 |    24 ||   115
       Hand axe          |       |   146 |    78 |       ||   224
       Punch             |       |     1 |     3 |     1 ||     5
       War axe           |       |       |   228 |   108 ||   336
Throw: Dart              |       |     9 |    29 |    24 ||    62
Invok: Heroism           |       |       |     1 |     2 ||     3
Evoke: Wand              |       |    10 |    10 |     2 ||    22
  Use: Scroll            |     1 |     5 |     6 |     2 ||    14
       Potion            |       |       |     1 |       ||     1
 Stab: Sleeping          |     3 |     3 |     4 |       ||    10
       Distracted        |       |       |     1 |       ||     1
Armor: Leather armour    |    37 |    46 |    61 |       ||   144
       Troll leather arm |       |       |    15 |    18 ||    33
       Swamp dragon scal |       |       |       |     3 ||     3
Dodge: Dodged            |    70 |    90 |   211 |    75 ||   446

Table legend: (Time is in decaauts)
 A = Elapsed time spent in this place.
 B = Non-inter-level travel time spent in this place.
 C = Inter-level travel time spent in this place.
 D = Time resting spent in this place.
 E = Time spent auto-exploring this place.
 F = Levels seen in this place.
 G = Mean time per level.
                   A        B        C        D        E       F      G
               +--------+--------+--------+--------+--------+-----+--------+
         Total |  11035 |  10507 |    528 |   4312 |   3706 |   9 | 1226.1 |
       Dungeon |  10356 |   9828 |    528 |   3988 |   3553 |   8 | 1294.5 |
       Ossuary |    678 |    678 |      0 |    324 |    153 |   1 |  678.0 |
               +--------+--------+--------+--------+--------+-----+--------+

Top non-repeatable levels by time:
     D:2: 1765 daAuts
     D:3: 1608 daAuts
     D:1: 1482 daAuts
     D:4: 1259 daAuts
     D:7: 1255 daAuts
     D:5: 1080 daAuts
     D:8: 1024 daAuts
     D:6: 881 daAuts
 Ossuary: 678 daAuts
